 Dungeon Crawl Stone Soup version 0.30.0-10-gfe55d96785 (webtiles) character file.

Game seed: 11669067061740666252

81 Chodeload the Changer (level 4, -5/25 HPs)
             Began as a Deep Elf Wanderer on May 15, 2023.
             Shot with an arrow by a centaur (9 damage)
             ... on level 7 of the Dungeon.
             The game lasted 00:11:38 (1686 turns).

Chodeload the Changer (Deep Elf Wanderer)           Turns: 1686, Time: 00:11:39

Health: -5/25      AC:  3    Str:  7    XL:     4   Next: 20%
Magic:  0/9        EV: 12    Int: 21    God:
Gold:   192        SH:  0    Dex: 14    Spells: 1/8 levels left

rFire   . . .        a - +0 dagger
rCold   . . .        (no shield)
rNeg    . . .        c - +0 robe
rPois   .            (no helmet)
rElec   .            d - +0 cloak
rCorr   .            (no gloves)
SInv    .            (no boots)
Will    .....        m - amulet of guardian spirit
Stlth   ++           (no ring)
HPRegen 0.24/turn    (no ring)
MPRegen 0.11/turn

%: guardian spirit
@: marked
A: no striking features
a: no special abilities


You were on level 7 of the Dungeon.
You visited 1 branch of the dungeon, and saw 5 of its levels.

You collected 192 gold pieces.

Inventory:

Hand Weapons
 a - a +0 dagger (weapon)
 b - a +3 vampiric broad axe
Missiles
 f - 6 poisoned darts (quivered)
 n - 5 javelins
 o - 4 boomerangs
Armour
 c - a +0 robe (worn)
 d - a +0 cloak (worn)
Magical Staves
 g - a staff of poison
Jewellery
 m - an amulet of guardian spirit (around neck)
Scrolls
 i - a scroll of enchant weapon
 j - a scroll of identify
 p - 2 scrolls of blinking
Potions
 e - 2 potions of degeneration {unknown}
 q - a potion of curing {unknown}


   Skills:
 - Level 1.0 Fighting
 - Level 2.2 Dodging
 - Level 3.2 Stealth
 - Level 2.5 Spellcasting
 + Level 0.5 Hexes
 - Level 2.1 Translocations
 + Level 3.7 Transmutations
 + Level 1.4 Poison Magic
 - Level 1.1 Evocations


You had one spell level left.
You knew the following spells:

 Your Spells              Type           Power      Damage    Failure   Level
a - Beastly Appendage     Tmut           36%        N/A       3%          1
b - Spider Form           Tmut/Pois      13%        N/A       14%         3
c - Tukima's Dance        Hex            4%         N/A       32%         3

Your spell library contained the following spells:

 Spells                   Type           Power      Damage    Failure   Level
 Apportation              Tloc           22%        N/A       5%          1
 Lesser Beckoning         Tloc           22%        N/A       9%          2
 Gell's Gravitas          Tloc           11%        N/A       17%         3
 Portal Projectile        Hex/Tloc       16%        N/A       24%         3
 Blade Hands              Tmut           9%         N/A       63%         5


Dungeon Overview and Level Annotations

Branches:
Dungeon (4/15)
 Temple: D:4-7

Altars:
Dithmenos

Annotations:
D:3 Sigmund


Message History

Press: ? - help, Dir - move target, f/p - orc warrior
Aim: an orc warrior, wielding a +0 glaive and wearing a +0 chain mail (severely wounded, ally target) Attack!
Your gnoll hits the orc warrior but does no damage.
Your gnoll closely misses the orc warrior.
The orc barely misses your gnoll.
The orc warrior completely misses your gnoll.
Your gnoll barely misses the orc warrior.
Your gnoll closely misses the orc warrior.
An orc comes into view. It is wielding a +0 club.
The orc hits your gnoll with a +0 whip.
The orc warrior barely misses your gnoll.
Your gnoll hits the orc warrior with a +0 spear.
Your gnoll hits the orc warrior with a +0 club.
The orc closely misses your gnoll.
The orc warrior hits your gnoll with a +0 glaive!
Your gnoll dies!
Your gnoll's corpse dissolves into shadows!
The orc warrior shouts!
A centaur comes into view.
Your gnoll barely misses the orc warrior.
An orc comes into view. It is wielding a +0 club.
The orc warrior hits your gnoll with a +0 glaive!
Your gnoll dies!
Your gnoll's corpse dissolves into shadows!
The centaur wields a +0 shortbow.
The centaur shoots an arrow.
The arrow hits you.
The centaur shoots an arrow.
The arrow hits you!
The centaur shoots an arrow.
The arrow hits you!
An orc priest comes into view. It is wielding a +0 hand axe.
The orc priest calls upon Beogh to heal something.
As you read the scroll labelled NIRULI NEEMUI, it crumbles to dust.
The scroll dissolves into smoke.
It was a scroll of fog.
The orc hits your gnoll but does no damage.
The orc barely misses your gnoll.
The centaur shoots an arrow.
The arrow hits you.
The centaur shoots an arrow.
The arrow hits you.
* * * LOW HITPOINT WARNING * * *
The centaur shoots an arrow.
The arrow hits you!
You die...

#.#. #..oo.... #.#§
#..##o#..
#.#§####o.##.#.
#.#§§§§.........
####§#§##§#..#..#.#
#..§§oo§.§.........
####o#§.#.#..#..#.#
####g#co#.#..#..# .
#.@...§.§.........
######..#.........
#..#.#..#.##
#...........#
#...#.#..#..
#...#.#..#..#
#...#.# .# .# #...
.# .#


You could see a centaur, an orc and a friendly gnoll (summoned).

Vanquished Creatures
  3 adders (D:2)
  A dart slug (D:1)
  An orc (D:3)
  4 ball pythons
  5 bats
  9 endoplasms
  A giant cockroach (D:1)
  2 goblins (D:1)
  5 hobgoblins (D:1)
  3 jackals (D:1)
  3 quokkas
  5 frilled lizards
  3 kobolds
  3 rats
48 creatures vanquished.

Notes
Turn   | Place    | Note
-------+----------+-------------------------------------------
     0 | D:1      | Chodeload the Deep Elf Wanderer began the quest for the
                  | Orb.
     0 | D:1      | Chodeload set off with the following items: a +0 dagger, a
                  | scroll of summoning, a +0 robe, a +0 cloak; and the
                  | following spells available to memorise: Beastly Appendage,
                  | Apportation, Lesser Beckoning, Gell's Gravitas, Spider
                  | Form.
     0 | D:1      | Reached XP level 1. HP: 10/10 MP: 5/5
     2 | D:1      | Learned a level 1 spell: Beastly Appendage
   240 | D:1      | Reached XP level 2. HP: 10/16 MP: 4/6
   360 | D:1      | Reached skill level 1 in Fighting
   506 | D:1      | Reached XP level 3. HP: 20/20 MP: 7/7
   570 | D:1      | Learned a level 3 spell: Spider Form
  1006 | D:3      | Found a shadowy altar of Dithmenos.
  1006 | D:3      | Noticed Sigmund
  1066 | D:2      | Reached skill level 1 in Poison Magic
  1231 | D:2      | Reached XP level 4. HP: 24/25 MP: 9/9
  1272 | D:2      | Learned a level 3 spell: Tukima's Dance
  1655 | D:4      | You fall into a shaft and drop 3 floors!
  1661 | D:7      | Noticed an orc warrior
  1672 | D:7      | Noticed a centaur
  1686 | D:7      | Shot with an arrow by a centaur

Illustrated notes

Levels and vault maps discovered:
D:1:      wander_arrival_estate, layout_rooms, minmay_split_cup_large
D:2:      layout_loops_corners, hex_large
D:3:      layout_basic, grunt_temple_overflow_open,
          hellmonk_ecumenical_altar_lost_god, uniq_sigmund
D:4:      layout_basic, minmay_temple_entry_junction_2, uniq_grinder,
          uniq_blork_the_orc, uniq_duvessa
D:7:      layout_basic

Skill      XL: |  1  2  3 |
---------------+----------+-----
Stealth        | 3 |  3.2
Dodging        | 2 |  2.2
Fighting       | 1 |  1.0
Spellcasting   | 2 |  2.5
Poison Magic   | 1 |  1.4
Hexes          | |  0.5
Translocations | |  2.1
Transmutations | |  3.7
Evocations     | |  1.1

Action                     |  1- 3 |  4- 6 || total
---------------------------+-------+-------++-------
  Melee: Dagger            |    99 |     1 ||   100
         Kick              |    25 |     1 ||    26
         Headbutt          |    16 |       ||    16
         Staff             |     4 |    30 ||    34
         Punch             |       |     1 ||     1
  Throw: Dart              |     9 |     2 ||    11
   Cast: Beastly Appendage |    18 |     3 ||    21
    Use: Scroll            |       |     6 ||     6
   Stab: Sleeping          |     7 |     2 ||     9
         Distracted        |     1 |       ||     1
 Armour: Robe              |    34 |    16 ||    50
  Dodge: Dodged            |    72 |    24 ||    96
